 Dungeon Crawl Stone Soup version 0.29.1-14-g9c671dbff4 (webtiles) character file.

Game seed: 5591250634523396818

6830 wingedge the Skirmisher (level 11, -26/103 HPs)
             Began as a Naga Hunter on Feb 18, 2023.
             Was an Initiate of Ashenzari.
             Annihilated by a large slime creature (34 damage)
             ... on level 9 of the Dungeon on Feb 19, 2023.
             The game lasted 01:36:21 (11396 turns).

wingedge the Skirmisher (Naga Hunter)              Turns: 11396, Time: 01:36:22

Health: -26/103    AC:  9    Str: 14    XL:     11   Next: 5%
Magic:  11/11      EV: 10    Int: 10    God:    Ashenzari [......]
Gold:   432        SH:  5    Dex: 18    Spells: 10/10 levels left

rFire   . . .      SeeInvis +   a - +0 arbalest
rCold   . . .      Faith    .   (shield currently unavailable)
rNeg    . . .      Spirit   .   P - +0 acid dragon scales
rPois   +          Reflect  +   (no helmet)
rElec   .          Harm     .   O - scarf {repulsion}
rCorr   +          Rampage  .   g - +2 pair of gloves
Will    +....                   (no barding)
Stlth   ++++......              L - amulet of reflection
HPRegen 0.27/turn               (no ring)
MPRegen 0.12/turn               (no ring)

@: repel missiles, very slow
A: AC +3, large, see invisible, deformed body, poison resistance, slowness 2,
spit poison 1, naga tail 1
a: Spit Poison, Renounce Religion, Curse Item


You were on level 9 of the Dungeon.
You worshipped Ashenzari.
Ashenzari was noncommittal.
You visited 2 branches of the dungeon, and saw 10 of its levels.

You collected 432 gold pieces.

Inventory:

Hand Weapons
 a - a +0 arbalest (weapon)
 b - a +1 war axe of electrocution
 c - a +0 shortbow
 h - a +2 long sword of holy wrath
 K - a +2 war axe
Missiles
 k - 5 poisoned darts
 H - 6 javelins
 M - a curare-tipped dart
Armour
 g - a +2 pair of gloves (worn)
 w - a +0 robe of the Archmagi
 B - a +0 buckler
 G - the +0 robe of Youthful Indiscretion {rPois Str-2 Int+3}
   (You took it off an orc wizard on level 7 of the Dungeon)

   Str:       It affects your strength (-2).
   Int:       It affects your intelligence (+3).
   rPois:     It protects you from poison.
 O - a scarf of repulsion (worn)
 P - +0 acid dragon scales (worn)
Jewellery
 L - an amulet of reflection (around neck)
Wands
 j - a wand of flame (27)
 A - a wand of iceblast (2)
 C - a wand of polymorph (9)
 I - a wand of charming (2)
Scrolls
 d - 3 scrolls of teleportation
 f - 3 scrolls of immolation
 p - 2 scrolls of amnesia
 q - a scroll of butterflies {unknown}
 v - a scroll of magic mapping {unknown}
 y - 2 scrolls of vulnerability
 J - a scroll of brand weapon {unknown}
 N - a scroll of enchant weapon {unknown}
Potions
 e - 3 potions of attraction
 i - a potion of lignification {unknown}
 l - 2 potions of curing {unknown}
 m - a potion of cancellation {unknown}
 n - a potion of flight {unknown}
 o - 4 potions of mutation
 r - a potion of resistance {unknown}
 s - 2 potions of magic
 t - a potion of brilliance
 u - a potion of invisibility {unknown}
 x - a potion of berserk rage {unknown}
 z - 2 potions of heal wounds
 E - 2 potions of might {unknown}


   Skills:
 - Level 8.0 Fighting
 + Level 12.0 Ranged Weapons
 - Level 1.0 Armour
 - Level 3.0 Dodging
 - Level 8.0 Stealth
 + Level 3.2 Earth Magic
 - Level 3.0 Evocations


You had 10 spell levels left.
You didn't know any spells.
Your spell library contained the following spells:

 Spells                   Type           Power      Damage    Failure   Level
 Sandblast                Erth           12%        2d6       14%         1
 Passwall                 Tmut/Erth      2%         N/A       38%         2
 Beastly Appendage        Tmut           0%         N/A       47%         1
 Ensorcelled Hibernation  Hex/Ice        0%         N/A       63%         2
 Wereblood                Tmut           0%         N/A       63%         2
 Stone Arrow              Conj/Erth      6%         3d7       63%         3
 Spider Form              Tmut/Pois      0%         N/A       85%         3
 Anguish                  Hex/Necr       0%         N/A       99%         4
 Fulminant Prism          Conj/Hex       0%         3d6       99%         4
 Iskenderun's Mystic Bla  Conj/Tloc      0%         2d3       99%         4
 Lee's Rapid Deconstruct  Erth           3%         3d6*      99%         5


Dungeon Overview and Level Annotations

Branches:
Dungeon (9/15)             Temple (1/1) D:7            Lair (0/5) D:8
    Orc: D:9-12

Altars:
Ashenzari
Cheibriados
Dithmenos
Elyvilon
Fedhas
Gozag
Hepliaklqana
Kikubaaqudgha
Makhleb
Nemelex Xobeh
Okawaru
Qazlal
Sif Muna
Uskayaw
Vehumet
Wu Jian
Yredelemnul
Zin
The Shining One


Innate Abilities, Weirdness & Mutations

Your serpentine skin is tough. (AC +3)
You have supernaturally acute eyesight. (SInv)
Armour fits poorly on your strangely shaped body.
Your system is resistant to poisons. (rPois)
You cover ground very slowly.
You can spit poison.
You have a snake-like lower body.


Message History

Aim: a large slime creature (heavily wounded, will probably split, will become an eye of devastation, a komodo dragon, or a swamp dragon, chance to affect: 38%)
Okay, then.
Aiming: Charm
Press: ? - help, Shift-Dir - straight line, f/p - large slime creature
Aim: a large slime creature (heavily wounded, chance to affect: 38%)
The large slime creature resists with some effort.
The large slime creature hits you but does no damage.
Aiming: Charm
Press: ? - help, Shift-Dir - straight line, f/p - large slime creature
Aim: a large slime creature (moderately wounded, chance to affect: 38%)
The large slime creature resists with some effort.
The large slime creature closely misses you.
Aiming: Charm
Press: ? - help, Shift-Dir - straight line, f/p - large slime creature
Aim: a large slime creature (moderately wounded, chance to affect: 38%)
The large slime creature resists with some effort.
The large slime creature hits you!!!
* * * LOW HITPOINT WARNING * * *
Aiming: Charm
Press: ? - help, Shift-Dir - straight line, f/p - large slime creature
Aim: a large slime creature (moderately wounded, chance to affect: 38%)
The large slime creature resists with some effort.
The large slime creature hits you but does no damage.
Aiming: Charm
Press: ? - help, Shift-Dir - straight line, f/p - large slime creature
Aim: a large slime creature (moderately wounded, chance to affect: 38%)
The large slime creature resists with some effort.
The large slime creature hits you!!
* * * LOW HITPOINT WARNING * * *
Aiming: Charm
Press: ? - help, Shift-Dir - straight line, f/p - large slime creature
Aim: a large slime creature (moderately wounded, chance to affect: 38%)
The large slime creature resists with some effort.
The large slime creature barely misses you.
Aiming: Charm
Press: ? - help, Shift-Dir - straight line, f/p - large slime creature
Aim: a large slime creature (moderately wounded, chance to affect: 38%)
The large slime creature resists with some effort.
The large slime creature hits you!!
You die...

### ##.##
######.#.############
#..J@.###..........<.
#.####.#.###########.
#. ##.## #< #J ###
###. #) #... #. #.##
#. #.# #. #^# ...


You could see a large slime creature.

Vanquished Creatures
  Pikel (D:4)
  2 slime creatures
  Grinder (D:5)
  5 yaks (D:8)
  A wyvern (D:8)
  Eustachio (D:5)
  2 basilisks (D:8)
  A steam dragon (D:8)
  An acid dragon (D:8)
  9 water moccasins
  2 black bears
  4 ice beasts
  2 orc warriors (D:7)
  2 sky beasts
  2 ogres
  5 centaurs
  3 phantoms
  A kobold brigand (D:6)
  2 bullfrogs
  3 necrophages
  A scorpion (D:5)
  5 wights (D:7)
  3 hounds
  A jelly (D:5)
  A gnoll bouda (D:8)
  5 orc priests
  4 iguanas
  10 orc wizards
  9 gnolls
  9 adders
  An ufetubus (D:6)
  A worm (D:2)
  5 dart slugs
  13 orcs
  7 ball pythons
  5 bats
  8 endoplasms
  4 giant cockroaches
  8 goblins
  9 hobgoblins
  2 jackals (D:3)
  5 quokkas
  7 frilled lizards
  2 goblin zombies (D:5)
  5 kobolds
  12 rats
192 creatures vanquished.

Vanquished Creatures (others)
  2 fungi (D:8)
  17 plants (D:8)
19 creatures vanquished.

Grand Total: 211 creatures vanquished

Notes
Turn   | Place    | Note
-------+----------+-------------------------------------------
     0 | D:1      | wingedge the Naga Hunter began the quest for the Orb.
     0 | D:1      | Reached XP level 1. HP: 19/19 MP: 1/1
   514 | D:1      | Found a faded altar of an unknown god.
   523 | D:1      | Reached XP level 2. HP: 26/26 MP: 2/2
   810 | D:1      | Reached skill level 4 in Ranged Weapons
   913 | D:1      | Reached XP level 3. HP: 32/32 MP: 3/3
  1264 | D:2      | You fall into a shaft and drop 2 floors!
  1626 | D:2      | Reached skill level 5 in Stealth
  1748 | D:3      | Reached XP level 4. HP: 39/39 MP: 4/4
  1899 | D:3      | Noticed Terence
  2224 | D:4      | Noticed a necrophage
  2242 | D:4      | Killed a necrophage
  2243 | D:4      | Reached skill level 5 in Ranged Weapons
  2243 | D:4      | Reached XP level 5. HP: 16/45 MP: 5/5
  2640 | D:4      | Noticed a lemure
  2640 | D:4      | Noticed a lemure
  2640 | D:4      | Noticed Pikel
  2643 | D:4      | Noticed a lemure
  2669 | D:5      | Entered Level 5 of the Dungeon
  2685 | D:5      | Noticed a black bear
  2693 | D:5      | Killed a black bear
  2694 | D:5      | Reached XP level 6. HP: 56/56 MP: 6/6
  2996 | D:5      | Noticed Grinder
  3006 | D:5      | Paralysed by Grinder for 3 turns
  3025 | D:5      | Killed Grinder
  3026 | D:5      | Reached skill level 6 in Ranged Weapons
  3026 | D:5      | Reached XP level 7. HP: 13/66 MP: 7/7
  3374 | D:5      | Reached skill level 5 in Fighting
  3457 | D:5      | Reached skill level 7 in Ranged Weapons
  3668 | D:5      | Reached XP level 8. HP: 74/74 MP: 8/8
  4032 | D:5      | Noticed Eustachio
  4103 | D:5      | Killed Eustachio
  4104 | D:5      | Reached skill level 8 in Ranged Weapons
  4688 | D:6      | Reached skill level 9 in Ranged Weapons
  4952 | D:6      | Reached XP level 9. HP: 44/81 MP: 9/9
  6214 | D:4      | Killed Pikel
  6215 | D:4      | Reached skill level 10 in Ranged Weapons
  6665 | D:3      | Noticed Terence
  6665 | D:3      | Terence changed into Terence the quokka
  6666 | D:3      | Killed Terence the quokka
  7292 | D:7      | Reached skill level 1 in Evocations
  7568 | D:7      | Identified the +0 robe of Youthful Indiscretion {rPois
                  | Str-2 Int+3}
  7702 | D:7      | Found a staircase to the Ecumenical Temple.
  7709 | Temple   | Entered the Ecumenical Temple
  7847 | Temple   | Became a worshipper of Ashenzari the Shackled
  8032 | D:7      | Reached XP level 10. HP: 92/92 MP: 10/10
  8362 | D:7      | Reached skill level 1 in Earth Magic
  9955 | D:8      | Reached skill level 1 in Armour
 10005 | D:8      | Reached skill level 11 in Ranged Weapons
 10376 | D:8      | Reached skill level 12 in Ranged Weapons
 10678 | D:8      | Found a staircase to the Lair.
 10702 | D:8      | Reached XP level 11. HP: 100/100 MP: 11/11
 11396 | D:9      | Annihilated by a large slime creature

Illustrated notes

Levels and vault maps discovered:
D:1:      dpeg_arrival_solitude, layout_basic, ebering_ecumenical_altar_webs,
          minmay_rat_gold_closets
D:2:      layout_loops_ring, minmay_pentomino_pile
D:3:      layout_basic, roderic_roman_lattice, uniq_terence
D:4:      cheibrodos_barr_body, layout_gridville, uniq_pikel
D:5:      layout_loops_ring, enter_ossuary_4, uniq_grinder, uniq_eustachio
D:6:      layout_loops_cross, kennysheep_generic_room_13
D:7:      layout_basic, temple_green
D:8:      layout_basic, minmay_lair_entry_grove, kennysheep_just_a_vault
D:9:      layout_loops_ring, minmay_crystal_water
Temple:   compressed_dpeg_triangle_lava_temple

Skill      XL: |  1  2  3  4  5  6  7  8  9 10 11 |
---------------+----------------------------------+-----
Stealth        | 2 3 5 6 8 |  8.0
Ranged Weapons | 4 5 6 7 9 10 12 | 12.0
Fighting       | 3 4 5 6 7 8 |  8.0
Dodging        | 2 3 |  3.0
Evocations     | 2 3 |  3.0
Earth Magic    | 3 |  3.2
Armour         | 1 |  1.0

Action                   |  1- 3 |  4- 6 |  7- 9 | 10-12 || total
-------------------------+-------+-------+-------+-------++-------
Melee: Dagger            |     2 |       |       |       ||     2
       Rapier            |     6 |    35 |     3 |       ||    44
       Punch             |       |     1 |     2 |       ||     3
       Long sword        |       |       |    24 |    14 ||    38
       War axe           |       |       |     5 |    13 ||    18
 Fire: Shortbow          |    90 |    57 |   372 |    49 ||   568
       Arbalest          |       |       |       |   119 ||   119
Throw: Dart              |       |       |     1 |     1 ||     2
       Javelin           |       |       |     1 |       ||     1
 Abil: Spit Poison       |    13 |     7 |    41 |    11 ||    72
Evoke: Wand              |       |       |    11 |    20 ||    31
  Use: Scroll            |     5 |     7 |     3 |     1 ||    16
       Potion            |       |     7 |       |       ||     7
Armor: Leather armour    |    16 |    32 |   144 |    30 ||   222
       Ring mail         |       |       |       |    28 ||    28
       Acid dragon scale |       |       |       |     4 ||     4
Dodge: Dodged            |     5 |    31 |   142 |    48 ||   226
       Repelled          |       |       |       |     2 ||     2
Block: Other             |       |       |       |     3 ||     3
       Reflection        |       |       |       |     1 ||     1
